 Dungeon Crawl Stone Soup version 0.32-a0-732-ga344392067 (webtiles) character file.

Game seed: 1234314649210909359

5025 gimp the Cleaver (level 10, -1/67 HPs)
             Began as a Coglin Wanderer on Mar 16, 2024.
             Was an Initiate of Trog.
             Slain by a basilisk (4 damage)
             ... while petrified by a basilisk
             ... on level 8 of the Dungeon.
             The game lasted 00:13:16 (10690 turns).

gimp the Cleaver (Coglin Wanderer)                 Turns: 10690, Time: 00:13:16

Health: -1/67      AC:  8    Str: 16    XL:     10   Next: 55%
Magic:  11/11      EV:  2    Int:  7    God:    Trog [......]
Gold:   433        SH:  0    Dex: 19    Spells: 9/9 levels left

rFire   . . .        B - +2 dagger (venom) {Dongyul}
rCold   . . .        b - +0 hand axe {Matia}
rNeg    + + +        F - +0 steam dragon scales
rPois   ∞            (no helmet)
rElec   .            (no cloak)
rCorr   .            c - +0 pair of gloves
SInv    .            u - +0 pair of boots
Will    .....        (amulet unavailable)
Stlth   ++           (ring unavailable)
HPRegen 0.31/turn    (ring unavailable)
MPRegen 0.12/turn    (no gizmo)

%: no passive effects
@: petrified
A: off-hand wielding, slow wielding, warmup strikes, no jewellery
a: Invent Gizmo, Renounce Religion


You were on level 8 of the Dungeon.
You worshipped Trog.
Trog was noncommittal.
You visited 2 branches of the dungeon, and saw 9 of its levels.
You also visited: Sewer.

You collected 433 gold pieces.

Inventory:

Hand Weapons
 b - a +0 hand axe (offhand) {Matia}
 B - a +2 dagger of venom (weapon) {Dongyul}
Missiles
 f - 2 curare-tipped darts
Armour
 c - a +0 pair of gloves (worn)
 u - a +0 pair of boots (worn)
 F - +0 steam dragon scales (worn)
Wands
 i - a wand of flame (20)
 E - a wand of digging (4)
Scrolls
 a - 2 scrolls of blinking {unknown}
 d - 3 scrolls of teleportation
 g - a scroll of noise {unknown}
 h - 3 scrolls of silence {unknown}
 j - a scroll of revelation {unknown}
 k - 2 scrolls of acquirement {unknown}
 n - 3 scrolls of fear {unknown}
 q - 2 scrolls of enchant armour {unknown}
 v - a scroll of amnesia {unknown}
 w - a scroll of torment {unknown}
 y - 2 scrolls of enchant weapon {unknown}
 z - a scroll of vulnerability {unknown}
Potions
 e - a potion of magic
 l - 5 potions of mutation
 o - 4 potions of haste
 p - a potion of enlightenment
 x - a potion of attraction
 D - a potion of invisibility {unknown}
Miscellaneous
 C - a condenser vane (inert)


   Skills:
 - Level 2.0 Fighting
 - Level 3.0 Long Blades
 + Level 14.1 Axes
 + Level 4.8 Armour
 - Level 1.0 Dodging
 - Level 1.4 Invocations
 - Level 1.3 Evocations


You had 9 spell levels left.
You didn't know any spells.
Your spell library contained the following spells:

 Spells                   Type           Power      Damage    Failure   Level
 Kiss of Death            Conj/Necr      0%         2d5       43%         1
 Necrotise                Necr           0%         1d4       43%         1
 Call Imp                 Summ           0%         N/A       56%         2
 Ensorcelled Hibernation  Hex/Ice        0%         N/A       56%         2
 Sublimation of Blood     Necr           0%         N/A       56%         2
 Confusing Touch          Hex            0%         N/A       80%         3
 Fugue of the Fallen      Necr           0%         N/A       80%         3
 Gell's Gravitas          Tloc           0%         N/A       80%         3
 Summon Ice Beast         Ice/Summ       0%         N/A       80%         3
 Teleport Other           Tloc           0%         N/A       80%         3
 Anguish                  Hex/Necr       0%         N/A       99%         4
 Cause Fear               Hex            0%         N/A       99%         4
 Dispel Undead            Necr           0%         3d6       99%         4
 Summon Blazeheart Golem  Fire/Summ      0%         N/A       99%         4
 Summon Mana Viper        Hex/Summ       0%         N/A       100%        5
 Death Channel            Necr           0%         N/A       100%        6
 Dispersal                Tloc           0%         N/A       100%        6
 Enfeeble                 Hex            0%         N/A       100%        7
 Monstrous Menagerie      Summ           0%         N/A       100%        7
 Summon Hydra             Summ           0%         N/A       100%        7


Dungeon Overview and Level Annotations

Branches:
Dungeon (8/15)             Temple (1/1) D:5           Sewer (visited)
   Lair: D:8-11

Altars:
Cheibriados
Dithmenos
Elyvilon
Fedhas
Gozag
Makhleb
Nemelex Xobeh
Qazlal
Ru
Sif Muna
Trog
Uskayaw
Vehumet
Xom
Zin
The Shining One

Shops:
D:7 (

Annotations:
D:3 exclusion: black bear


Innate Abilities, Weirdness & Mutations

You can wield a second weapon in your off-hand.
It takes a long time for you to wield or remove held weapons.
Your first few attacks do less damage.
You cannot equip rings or amulets.


Message History

You hit the yak with your +2 dagger of venom.
The yak is poisoned.
The yak is lightly wounded.
You barely miss the yak with your +0 hand axe.
The yak gores you!
You take 13 damage, and have 54/67 hp.
You hit the yak but do no damage.
The yak is moderately wounded.
You hit the yak with your +2 dagger of venom.
The yak looks as sick as possible!
The yak gores you!
You take 10 damage, and have 44/67 hp.
You barely miss the yak with your +2 dagger of venom.
The yak is moderately wounded.
You hit the yak with your +0 hand axe. You hit the yak with your +0 hand axe.
The yak is heavily wounded.
You hit the yak with your +2 dagger of venom.
The yak looks as sick as possible!
The yak gores you!
You take 7 damage, and have 37/67 hp.
You hit the yak with your +0 hand axe.
The yak is severely wounded.
You hit the yak with your +2 dagger of venom.
The yak looks as sick as possible!
The yak gores you.
You take 1 damage, and have 36/67 hp.
You hit the yak but do no damage.
The yak is almost dead.
You hit the yak with your +2 dagger of venom.
The yak gores you!
You take 8 damage, and have 28/67 hp.
You are too injured to fight recklessly!
You hit the yak but do no damage.
The yak looks as sick as possible!
The yak is almost dead.
You barely miss the yak with your +0 hand axe.
You hit the yak but do no damage.
The yak is almost dead.
You hit the yak with your +2 dagger of venom.
The yak looks as sick as possible!
You kill the yak!
Trog accepts your kill.
A basilisk is nearby!
You regained 36 hp, and now have 65/67 hp.
The basilisk hisses angrily.
The basilisk gazes at you. You resist with some effort.
Health restored: 67 The basilisk gazes at you.
You are slowing down.
Your limbs are stiffening.
You have turned to stone.
The basilisk bites you but does no damage.
The basilisk bites you. The basilisk gazes at you. You resist with some effort.
The basilisk bites you! x5
The basilisk bites you but does no damage.
You turn to flesh and can move again.
You take 28 damage, and have 39/67 hp.
MASSIVE DAMAGE!!
Unknown command.
Unknown command.
Unknown command.
You hit the basilisk but do no damage. x2; The basilisk is poisoned.
The basilisk bites you!
Unknown command.
You take 15 damage, and have 24/67 hp.
MASSIVE DAMAGE!!
You hit the basilisk with your +2 dagger of venom.
The basilisk looks as sick as possible!
The basilisk is lightly wounded.
You hit the basilisk but do no damage. The basilisk bites you!
* * * LOW HITPOINT WARNING * * *
You take 14 damage, and have 10/67 hp.
MASSIVE DAMAGE!!
You hit the basilisk but do no damage.
The basilisk is moderately wounded.
You closely miss the basilisk with your +0 hand axe.
You hit the basilisk with your +2 dagger of venom.
The basilisk looks as sick as possible!
The basilisk is moderately wounded.
You hit the basilisk with your +0 hand axe.
The basilisk gazes at you.
You are slowing down.
You feel better. The basilisk barely misses you. The basilisk bites you!
* * * LOW HITPOINT WARNING * * *
Your limbs are stiffening.
You hit the basilisk with your +2 dagger of venom.
The basilisk looks as sick as possible!
The basilisk is heavily wounded.
You barely miss the basilisk with your +0 hand axe.
The basilisk gazes at you. You resist with some effort.
You have turned to stone.
The basilisk bites you.
* * * LOW HITPOINT WARNING * * *
The basilisk bites you but does no damage.
The basilisk bites you.
* * * LOW HITPOINT WARNING * * *
The basilisk bites you. The basilisk bites you!
* * * LOW HITPOINT WARNING * * *
The basilisk bites you.
* * * LOW HITPOINT WARNING * * *
The basilisk bites you!
You die...

#......(......##########...##
#......................##.##.
#########....###########).###
#.######....####.####
#>...........[......#
########....##...##..
##############..##..
########...................
#........l@.............#..
#.......###############.#..
#.............#.<...###.#.#
#......l#####.#.##...##.#.#
#.......# #......##....
#.......# #(#....##....
#.......# #.#....##....
#.......# #.#....##....
#.......# #......##....


You could see a basilisk (very poisoned).

Vanquished Creatures
  A two-headed ogre (D:8)
  Grinder (D:5)
  A wyvern (D:8)
  4 yaks (D:8)
  Eustachio (D:5)
  A basilisk (D:8)
  A steam dragon (D:8)
  3 vampire mosquitoes (D:8)
  3 swamp worms (D:7)
  A water moccasin (D:7)
  2 black bears
  A sky beast (D:7)
  An ice beast (D:7)
  2 ogres
  A centaur (D:8)
  3 kobold brigands
  2 brain worms (Sewer)
  4 bullfrogs
  2 scorpions
  A howler monkey (D:6)
  A bombardier beetle (D:6)
  6 hounds
  4 jellies
  An orc priest (D:7)
  2 gnoll boudas
  Ijyb (D:3)
  A sleepcap (D:4)
  2 orc wizards (D:7)
  Natasha (twice) (D:4)
  11 gnolls
  11 adders
  5 river rats (Sewer)
  A shadow imp (D:8)
  2 white imps
  4 ufetubi (D:6)
  4 dart slugs
  4 orcs
  8 ball pythons
  4 bats
  4 endoplasms
  4 giant cockroaches
  14 goblins
  4 hobgoblins
  8 jackals
  23 kobolds
  4 quokkas
  6 frilled lizards
  12 rats
189 creatures vanquished.

Notes
Turn   | Place    | Note
-------+----------+-------------------------------------------
     0 | D:1      | gimp the Coglin Wanderer began the quest for the Orb.
     0 | D:1      | gimp set off with the following items: a +2 falchion
                  | {Otto}, a +0 hand axe {Matia}, a +0 pair of gloves, a
                  | scroll of teleportation, a +0 leather armour, a +0 dagger
                  | {Citlalmina}.
     0 | D:1      | Reached XP level 1. HP: 16/16 MP: 2/2
   271 | D:1      | Reached skill level 2 in Axes
   271 | D:1      | Reached XP level 2. HP: 22/22 MP: 3/3
   657 | D:1      | Reached skill level 3 in Axes
   657 | D:1      | Reached XP level 3. HP: 27/27 MP: 4/4
  1533 | D:2      | Reached XP level 4. HP: 28/33 MP: 5/5
  1735 | D:2      | Reached skill level 4 in Axes
  2272 | D:3      | Noticed a black bear
  2665 | D:3      | Noticed Ijyb
  2704 | D:3      | Killed Ijyb
  2705 | D:3      | Reached XP level 5. HP: 7/38 MP: 6/6
  3019 | D:4      | Reached skill level 5 in Axes
  3028 | D:4      | Noticed a black bear
  3039 | D:4      | Killed a black bear
  3040 | D:4      | Reached skill level 6 in Axes
  3040 | D:4      | Reached XP level 6. HP: 35/44 MP: 7/7
  3213 | D:4      | Noticed Natasha
  3215 | D:4      | Killed Natasha
  3713 | D:4      | Found a shadowy altar of Dithmenos.
  3817 | D:4      | Reached skill level 7 in Axes
  3817 | D:4      | Reached XP level 7. HP: 17/50 MP: 8/8
  4185 | D:4      | Noticed Natasha
  4192 | D:4      | Killed Natasha
  4373 | D:5      | Entered Level 5 of the Dungeon
  4528 | D:5      | Reached skill level 8 in Axes
  4570 | D:5      | Noticed Eustachio
  4580 | D:5      | Killed Eustachio
  4775 | D:5      | Reached XP level 8. HP: 41/56 MP: 9/9
  4833 | D:5      | Found a staircase to the Ecumenical Temple.
  4849 | Temple   | Entered the Ecumenical Temple
  4962 | D:5      | Noticed Grinder
  4968 | D:5      | Paralysed by Grinder for 4 turns
  4978 | D:5      | Paralysed by Grinder for 5 turns
  4984 | D:5      | Killed Grinder
  4985 | D:5      | Reached skill level 9 in Axes
  5522 | D:5      | Reached skill level 10 in Axes
  6177 | D:6      | Found a blossoming altar of Fedhas.
  6207 | D:6      | Found a glowing drain.
  6214 | Sewer    | Entered a sewer
  6411 | Sewer    | Reached skill level 11 in Axes
  6460 | Sewer    | Reached XP level 9. HP: 27/61 MP: 10/10
  7907 | D:7      | Reached skill level 12 in Axes
  8225 | D:7      | Found Estryniwe's Weapon Emporium.
  8333 | D:7      | Found a glowing golden altar of the Shining One.
  8726 | D:7      | Reached skill level 13 in Axes
  8849 | D:7      | Got Jiludabo's Monograph on Familiar Evil
  9522 | D:8      | Reached skill level 1 in Armour
  9709 | D:8      | Reached XP level 10. HP: 36/67 MP: 11/11
  9969 | D:8      | HP: 2/67 [centaur/javelin (9)]
 10211 | D:8      | Noticed a two-headed ogre
 10222 | D:8      | HP: 2/67 [two-headed ogre/+0 giant club (23)]
 10223 | D:8      | Killed a two-headed ogre
 10224 | D:8      | Reached skill level 14 in Axes
 10437 | D:8      | Found a bloodstained altar of Trog.
 10445 | D:8      | Became a worshipper of Trog the Wrathful
 10689 | D:8      | HP: 3/67 [basilisk (1)]
 10690 | D:8      | Slain by a basilisk

Illustrated notes

Levels and vault maps discovered:
D:1:      dpeg_arrival_rooms_c, layout_basic
D:2:      layout_basic
D:3:      kennysheep_the_goblin_king, layout_basic
D:4:      layout_loops_cross, kennysheep_mini_moat, grunt_ministairs_11,
          nicolae_concentric_dashed_squares_mild, minmay_fractal_squares_5,
          uniq_natasha
D:5:      layout_basic, minmay_temple_entry_overgrown, uniq_eustachio,
          uniq_grinder
D:6:      layout_basic, nicolae_overflow_hidden_temple,
          mainiacjoe_sewer_entry_somewhere_in_here_2,
          wad_floor_pattern_untrapped
D:7:      layout_basic, mainiacjoe_overflow_brackets, serial_shops,
          nicolae_shop_rolling_square, roderic_roman_lattice, worms_lemuel
D:8:      layout_basic, marbit_many_paths, david_lair_generic
Temple:   chequers_temple_sunken

Skill      XL: |  1  2  3  4  5  6  7  8  9 10 |
---------------+-------------------------------+-----
Axes           | 2 3 4 6 7 8 11 13 14 | 14.1
Armour         | 2 4 |  4.8
Fighting       | |  2.0
Long Blades    | |  3.0
Dodging        | |  1.0
Invocations    | |  1.4
Evocations     | |  1.3

Action                     |  1- 3 |  4- 6 |  7- 9 | 10-12 || total
---------------------------+-------+-------+-------+-------++-------
  Melee: Hand axe          |    69 |   146 |   342 |    63 ||   620
         Dagger            |    62 |   145 |   335 |    62 ||   604
  Throw: Dart              |       |       |     3 |       ||     3
  Evoke: Wand              |       |     5 |     2 |     2 ||     9
         Condenser vane    |       |       |       |     1 ||     1
    Use: Potion            |       |     1 |     8 |     3 ||    12
         Scroll            |       |       |     6 |     1 ||     7
   Stab: Sleeping          |     5 |     2 |       |       ||     7
         Distracted        |     1 |       |       |       ||     1
 Armour: Leather armour    |    46 |    69 |       |       ||   115
         Ring mail         |       |    51 |   233 |       ||   284
         Steam dragon scal |       |       |     9 |    61 ||    70
  Dodge: Dodged            |    34 |    74 |   146 |    26 ||   280

Table legend: (Time is in decaauts)
 A = Elapsed time spent in this place.
 B = Non-inter-level travel time spent in this place.
 C = Inter-level travel time spent in this place.
 D = Time resting spent in this place.
 E = Time spent auto-exploring this place.
 F = Levels seen in this place.
 G = Mean time per level.
                   A        B        C        D        E       F      G
               +--------+--------+--------+--------+--------+-----+--------+
         Total |  10917 |  10507 |    410 |    139 |   8469 |  10 | 1091.7 |
       Dungeon |   9737 |   9327 |    410 |     84 |   7641 |   8 | 1217.1 |
        Temple |     16 |     16 |      0 |      0 |      0 |   1 |   16.0 |
         Sewer |   1163 |   1163 |      0 |     55 |    828 |   1 | 1163.0 |
               +--------+--------+--------+--------+--------+-----+--------+

Top non-repeatable levels by time:
     D:8: 1455 daAuts
     D:7: 1451 daAuts
     D:5: 1313 daAuts
     D:4: 1197 daAuts
   Sewer: 1163 daAuts
     D:6: 1138 daAuts
     D:1: 1123 daAuts
     D:3: 1044 daAuts
     D:2: 1014 daAuts
  Temple: 16 daAuts
